 Dungeon Sprint DCSS version 0.20.1-1-g8b1a95d (webtiles) character file.

3584 suicidejoker the Unseen (level 10, -12/75 HPs)
             Began as an Octopode Assassin on Aug 24, 2017.
             Was a High Priest of Dithmenos.
             Shot with an arrow by a centaur warrior (23 damage)
             ... in the Dungeon (Sprint III: "The Ten Rune Challenge").
             The game lasted 00:08:25 (870 turns).

suicidejoker the Unseen (Octopode Assassin)          Turns: 870, Time: 00:08:26

Health: -12/75     AC:  1    Str: 19    XL:     10   Next: 10%
Magic:  9/9        EV: 19    Int: 14    God:    Dithmenos [*****.]
Gold:   1398       SH:  0    Dex: 14    Spells: 9/9 levels left

rFire    . . .     SeeInvis .   s - +2 shortbow of Ofaod {venom, *Drain rElec Str+6} (curse)
rCold    . . .     Gourm    .   (shield currently unavailable)
rNeg     . . .     Faith    .   (helmet restricted)
rPois    .         Spirit   .   (no amulet)
rElec    +         Reflect  .   (no ring)
rCorr    .         Harm     .   (no ring)
MR       .....     NoTele   +   (no ring)
Stlth    ++++++++++             (no ring)
Regen    0.3/turn               (no ring)
MPRegen  0.2/turn               (no ring)
                                (no ring)
                                (no ring)

@: berserk cooldown, slowed, wreathed by umbra, very slow
A: almost no armour, stealthy swim, amphibious, 8 rings, constrict 8, camouflage
1, low mp 1, screaming 1, electricity resistance, gelatinous body 1, evolution 1
a: Shadow Step, Shadow Form, Renounce Religion


You were in the Dungeon.
You worshipped Dithmenos.
Dithmenos was extremely pleased with you.
You were not hungry.

You visited 1 branch You collected 1622 gold pieces.
You spent 224 gold pieces at shops.

Inventory:

Hand Weapons
 a - a +3 dagger
 b - a +0 blowgun
 o - a +3 dagger of venom
 r - a +1 dagger of electrocution
 s - the cursed +2 shortbow of Ofaod (weapon) {venom, *Drain rElec Str+6}
   (You bought it in a shop in the Dungeon)

   It poisons the ammo it fires.
   It affects your strength (+6).
   It insulates you from electricity.
   It causes draining when unequipped.
   It has a curse placed upon it.
Missiles
 c - 8 poisoned needles
 d - 2 curare-tipped needles
Wands
 j - a wand of iceblast (0/15)
Scrolls
 k - a scroll of blinking
 p - 4 scrolls of identify
Potions
 e - a potion of curing
 g - a potion of heal wounds
 i - 2 potions of magic
 u - a potion of brilliance
Books
 n - a book of Misfortune

   Spells                             Type                      Level
   a - Confusing Touch                Hexes                        1
   b - Confuse                        Hexes                        3
   c - Gell's Gravitas                Translocation                3
   d - Petrify                        Transmutation/Earth          4
   e - Metabolic Englaciation         Hexes/Ice                    5
   f - Yara's Violent Unravelling     Hexes/Transmutation          5
Miscellaneous
 m - a lightning rod (inert)
Comestibles
 f - 2 bread rations
 l - 3 fruits
 t - 2 royal jellies


   Skills:
 + Level 9.6 Fighting
 * Level 13.2 Short Blades
 - Level 2.0 Throwing
 + Level 9.4 Dodging
 * Level 18.2 Stealth


You had 9 spell levels left.
You didn't know any spells.

Dungeon Overview and Level Annotations

Branches:
Dungeon (1/1)

Altars:
Cheibriados
Dithmenos
Elyvilon
Fedhas
Gozag
Hepliaklqana
Kikubaaqudgha
Makhleb
Nemelex Xobeh
Okawaru
Qazlal
Ru
Sif Muna
Trog
Uskayaw
Vehumet
Xom
Yredelemnul
Zin
The Shining One
Beogh
Jiyva
Lugonu

Shops:
D (


Innate Abilities, Weirdness & Mutations

You cannot wear most types of armour.
You are very stealthy in the water. (Stealth+)
You are amphibious.
You can wear up to eight rings at the same time.
You can use your tentacles to constrict eight enemies at once.
Your skin changes colour to match your surroundings (Stealth+).
Your rubbery body absorbs attacks. (AC +1, EV +1)
Your magical capacity is low. (-10% MP)
You occasionally shout uncontrollably at your foes.
You are resistant to electric shocks. (rElec)
You evolve.


Message History

The centaur closely misses you. The centaur barely misses you.
The centaur completely misses you. The centaur misses you.
You clumsily bash the centaur but do no damage.
The centaur is lightly wounded.
The centaur warrior shouts!
The centaur shouts!
The centaur barely misses you. The centaur warrior misses you. x2
You clumsily bash the centaur warrior but do no damage.
The centaur completely misses you. The centaur hits you.
The centaur warrior hits you! The centaur misses you.
The centaur completely misses you. The centaur warrior hits you.
The centaur hits you! The centaur completely misses you.
The centaur warrior hits you! The centaur completely misses you. x2
The centaur warrior wields a shortbow.
The centaur warrior shoots an arrow.
The arrow hits you!!
* * * LOW HITPOINT WARNING * * *
The centaur wields a shortbow.
The centaur shoots an arrow.
The arrow barely misses you.
The centaur wields a shortbow.
The centaur shoots an arrow.
The arrow misses you.
The centaur warrior shoots an arrow.
The arrow hits you!!
You die...

########..###.#.########
___#__#....##.#..+.#...#
._)#._#..)......##.#.ee#
'###)##.))......# #e..≈
......#))......## .ee#
......#)######.∩# ..#
#####'#.# #### ##
__#...#'#############
__#...#..≈≈≈'§#.@...+
__#...#.#§§§#§#.#.c.#
__#...'.#§§§#§#.#cc.#
__'...#.#§§.#§..#...#
▓▓▓▓▓▓▓▓▓▓▓▓▓▓▓▓▓▓▓▓#


You could see a centaur warrior and 2 centaurs.

Vanquished Creatures
  Josephine (D)
  An orc high priest (D)
  A deep elf mage (D)
  An orc sorcerer (D)
  A shadow (D)
  A spatial vortex (D)
  4 orc warriors (D)
  A necrophage (D)
  An earth elemental (D)
  A water elemental (D)
  A scorpion (D)
  A jelly (D)
  An orc priest (D)
  A wizard (D)
  A necromancer (D)
  4 orc wizards (D)
  3 humans (D)
  A kobold demonologist (D)
  An ooze (D)
  6 orcs (D)
  A ball python (D)
  3 rats (D)
37 creatures vanquished.

Vanquished Creatures (others)
  2 draconian scorchers (D)
  6 hellions (D)
  2 yaktaurs (D)
  An electric eel (D)
  A plant (D)
12 creatures vanquished.

Grand Total: 49 creatures vanquished

Notes
Turn   | Place    | Note
-------+----------+-------------------------------------------
     0 | D        | suicidejoker the Octopode Assassin began the quest for the Orb.
     0 | D        | Reached XP level 1. HP: 14/14 MP: 1/1
     8 | D        | Reached skill level 6 in Stealth
    78 | D        | Reached XP level 2. HP: 18/20 MP: 2/2
    82 | D        | Killed a hellion
    83 | D        | Killed a hellion
    91 | D        | Killed a hellion
   103 | D        | Killed a hellion
   105 | D        | Killed a hellion
   105 | D        | Killed a hellion
   116 | D        | Noticed a scorpion
   125 | D        | Reached skill level 7 in Stealth
   125 | D        | Reached XP level 3. HP: 25/25 MP: 3/3
   133 | D        | Killed a scorpion
   133 | D        | Reached skill level 8 in Stealth
   133 | D        | Reached XP level 4. HP: 18/33 MP: 4/4
   153 | D        | Killed a yaktaur
   155 | D        | Killed a white draconian scorcher
   156 | D        | Killed a white draconian scorcher
   367 | D        | Gained mutation: You are somewhat resistant to further mutation. [potion of mutation]
   368 | D        | Lost mutation: You are somewhat resistant to further mutation. [potion of mutation]
   368 | D        | Gained mutation: You are clumsy. (Dex -2) [potion of mutation]
   368 | D        | Gained mutation: Your spells are a little harder to cast, but a little more powerful. [potion of mutation]
   368 | D        | Gained mutation: Your natural rate of healing is unusually fast. [potion of mutation]
   369 | D        | Lost mutation: Your natural rate of healing is unusually fast. [potion of mutation]
   369 | D        | Lost mutation: You are clumsy. (Dex -2) [potion of mutation]
   369 | D        | Lost mutation: Your spells are a little harder to cast, but a little more powerful. [potion of mutation]
   369 | D        | Gained mutation: You are resistant to electric shocks. (rElec) [potion of mutation]
   369 | D        | Gained mutation: You occasionally shout uncontrollably at your foes. [potion of mutation]
   369 | D        | Gained mutation: Your magical capacity is low. (-10% MP) [potion of mutation]
   369 | D        | Gained mutation: You evolve. [potion of mutation]
   408 | D        | Killed a yaktaur
   518 | D        | Noticed a water elemental
   521 | D        | Killed a water elemental
   521 | D        | Reached skill level 5 in Short Blades
   521 | D        | Reached skill level 9 in Stealth
   521 | D        | Reached XP level 5. HP: 38/38 MP: 4/4
   523 | D        | Found a glowing silver altar of Zin.
   524 | D        | Found a glowing golden altar of the Shining One.
   524 | D        | Found a white marble altar of Elyvilon.
   524 | D        | Noticed a deep elf mage
   526 | D        | Killed a deep elf mage
   526 | D        | Reached skill level 13 in Stealth
   526 | D        | Reached XP level 6. HP: 47/47 MP: 5/5
   526 | D        | Reached XP level 7. HP: 53/53 MP: 6/6
   537 | D        | Found a roughly hewn altar of Beogh.
   537 | D        | Found an iron altar of Okawaru.
   537 | D        | Found a bloodstained altar of Trog.
   537 | D        | Found a hide-covered altar of Uskayaw.
   537 | D        | Noticed a human
   538 | D        | Noticed a human
   544 | D        | Killed a human
   546 | D        | Killed a human
   546 | D        | Reached skill level 10 in Short Blades
   546 | D        | Reached skill level 14 in Stealth
   559 | D        | Found a basalt altar of Yredelemnul.
   559 | D        | Found a shadowy altar of Dithmenos.
   559 | D        | Found a sacrificial altar of Ru.
   563 | D        | Reached XP level 8. HP: 51/60 MP: 7/7
   595 | D        | Became a worshipper of Dithmenos the Shadowed
   601 | D        | Noticed a shadow
   603 | D        | Killed a shadow
   613 | D        | Found a blossoming altar of Fedhas.
   613 | D        | Found a stormy altar of Qazlal.
   614 | D        | Found a snail-covered altar of Cheibriados.
   614 | D        | Found a burning altar of Makhleb.
   614 | D        | Found a hazy altar of Hepliaklqana.
   614 | D        | Found a shimmering altar of Xom.
   614 | D        | Found an opulent altar of Gozag.
   614 | D        | Found a sparkling altar of Nemelex Xobeh.
   614 | D        | Found a corrupted altar of Lugonu.
   614 | D        | Found a viscous altar of Jiyva.
   627 | D        | Reached * piety under Dithmenos
   627 | D        | Reached skill level 15 in Stealth
   659 | D        | Found a radiant altar of Vehumet.
   659 | D        | Found a deep blue altar of Sif Muna.
   659 | D        | Found an ancient bone altar of Kikubaaqudgha.
   694 | D        | Noticed Josephine
   696 | D        | Killed Josephine
   696 | D        | Reached ** piety under Dithmenos
   696 | D        | Reached skill level 16 in Stealth
   696 | D        | Reached XP level 9. HP: 67/67 MP: 8/8
   709 | D        | Noticed an orc sorcerer
   709 | D        | Noticed an orc high priest
   713 | D        | Reached *** piety under Dithmenos
   715 | D        | Killed an orc sorcerer
   715 | D        | Reached skill level 17 in Stealth
   716 | D        | Reached **** piety under Dithmenos
   720 | D        | Reached ***** piety under Dithmenos
   723 | D        | Killed an orc high priest
   723 | D        | Reached skill level 18 in Stealth
   723 | D        | Reached XP level 10. HP: 60/74 MP: 9/9
   728 | D        | Found Liedihou's Antique Weapon Shoppe.
   784 | D        | Bought an ebony shortbow for 224 gold pieces
   784 | D        | Identified the cursed +2 shortbow of Ofaod {venom, *Drain rElec Str+6} (You bought it in a shop in the Dungeon)
   789 | D        | Noticed a deep elf mage
   789 | D        | Noticed a deep elf mage
   789 | D        | Noticed a deep elf mage
   789 | D        | Noticed a deep elf mage
   789 | D        | Noticed a deep elf mage
   865 | D        | Noticed a centaur warrior
   870 | D        | Shot with an arrow by a centaur warrior

Skill      XL: |  1  2  3  4  5  6  7  8  9 |
---------------+----------------------------+-----
Stealth        | 6 7 8 9 13 14 16 18 | 18.2
Short Blades   | 3 4 5 9 10 11 13 | 13.2
Dodging        | 2 3 6 8 9 |  9.4
Fighting       | 3 4 6 7 8 9 |  9.6
Throwing       | |  2.0

Action                   |  1- 3 |  4- 6 |  7- 9 | 10-12 || total
-------------------------+-------+-------+-------+-------++-------
Melee: Dagger            |    19 |     2 |    32 |     3 ||    56
       Tentacles         |     7 |       |     9 |    10 ||    26
       Constrict         |     3 |       |     4 |     1 ||     8
       Shortbow          |       |       |       |    19 ||    19
Evoke: Lightning rod     |       |       |     7 |     1 ||     8
       Wand              |       |       |     2 |       ||     2
  Use: Scroll            |       |     4 |       |       ||     4
       Potion            |       |     3 |     2 |     4 ||     9
 Stab: Sleeping          |     2 |     2 |     5 |     2 ||    11
Armor: Skin              |     2 |       |       |       ||     2
Dodge: Dodged            |     6 |       |     7 |    27 ||    40
